 Dungeon Crawl Stone Soup version 0.21.1-1-g345015f (webtiles) character file.

2559 n0claF the Geomancer (level 9, -1/67 HPs)
             Began as a Gargoyle Earth Elementalist on June 22, 2018.
             Was a Follower of Vehumet.
             Killed from afar by Psyche (6 damage)
             ... with a magic dart
             ... on level 8 of the Dungeon.
             The game lasted 00:27:39 (6975 turns).

n0claF the Geomancer (Gargoyle Earth Elementalist)  Turns: 6975, Time: 00:27:39

Health: -1/67      AC: 10    Str: 20    XL:     9   Next: 56%
Magic:  24/28      EV: 13    Int: 18    God:    Vehumet [*.....]
Gold:   183        SH:  3    Dex: 12    Spells: 9/22 levels left

rFire    . . .     SeeInvis .   N - +3 quarterstaff (chaos)
rCold    . . .     Gourm    .   (shield currently unavailable)
rNeg     + . .     Faith    .   q - +0 leather armour "Lecosof" {Str+2 Dex+2 Slay+2}
rPois    ∞         Spirit   .   (no helmet)
rElec    +         Reflect  +   s - scarf {repulsion}
rCorr    .         Harm     .   (no gloves)
MR       .....                  j - +0 pair of boots
Stlth    ..........             x - +3 amulet of reflection
HPRegen  0.21/turn              l - ring of magical power
MPRegen  0.21/turn              (no ring)

@: berserking (expiring), very slightly contaminated, hasted, repel missiles,
very quick
A: negative energy resistance 1, electricity resistance, unbreathing,
petrification resistance, rot immunity, AC +6
a: Renounce Religion


You were on level 8 of the Dungeon.
You worshipped Vehumet.
Vehumet was aware of your devotion.
You were hungry.

You visited 2 branches of the dungeon, and saw 9 of its levels.

You collected 383 gold pieces.
You spent 200 gold pieces at shops.

Inventory:

Hand Weapons
 G - a +2 falchion of electrocution
   (You took it off Eustachio on level 6 of the Dungeon)
 N - a +3 quarterstaff of chaos (weapon)
   (You took it off Crazy Yiuf on level 6 of the Dungeon)
Missiles
 b - 126 stones (quivered)
 O - a throwing net {!f}
Armour
 c - a +0 robe
 j - a +0 pair of boots (worn)
   (You found it on level 1 of the Dungeon)
 q - the +0 leather armour "Lecosof" (worn) {Str+2 Dex+2 Slay+2}
   (You found it on level 4 of the Dungeon)

   It affects your strength (+2).
   It affects your dexterity (+2).
   It affects your accuracy and damage with ranged weapons and melee attacks
   (+2).
 s - a scarf of repulsion (worn)
   (You found it on level 3 of the Dungeon)
Jewellery
 l - a ring of magical power (left hand)
   (You found it on level 1 of the Dungeon)
 x - a +3 amulet of reflection (around neck)
   (You found it on level 3 of the Dungeon)
 I - a cursed amulet of inaccuracy {unknown}
   (You found it on level 6 of the Dungeon)
Wands
 t - a wand of flame (38)
   (You found it on level 6 of the Dungeon)
 u - a wand of paralysis (16)
   (You found it on level 8 of the Dungeon)
 v - a wand of digging (32)
   (You took it off Eustachio on level 6 of the Dungeon)
 L - a wand of enslavement (18)
   (You found it on level 6 of the Dungeon)
 R - a wand of polymorph (37)
   (You found it on level 3 of the Dungeon)
Scrolls
 a - 5 scrolls of teleportation {unknown}
 i - a scroll of enchant weapon {unknown}
 k - 7 scrolls of remove curse {@r2}
 w - 5 scrolls of enchant armour {unknown}
 y - 4 scrolls of blinking {unknown}
 z - a scroll of magic mapping {unknown}
 A - a scroll of fog {unknown}
 D - a scroll of amnesia {unknown}
 H - 3 scrolls of identify {@r1}
 J - a scroll of immolation {unknown}
Potions
 f - 2 potions of brilliance {unknown}
 h - 3 potions of heal wounds {@q2}
 m - 4 potions of curing {@q1}
 n - a potion of agility {unknown}
 o - a potion of haste {@q3}
 p - a potion of might {unknown}
 B - 2 potions of degeneration {unknown}
 E - 4 potions of lignification {!q}
 F - a potion of invisibility {unknown}
 M - 2 potions of cancellation
 P - a potion of flight {unknown}
Books
 d - a book of Geomancy
 g - a book of Minor Magic
   (You found it on level 5 of the Dungeon)
 r - a book of Necromancy
   (You found it on level 5 of the Dungeon)
 C - a book of Maledictions
   (You found it on level 5 of the Dungeon)
Miscellaneous
 K - a crystal ball of energy
   (You bought it in a shop on level 6 of the Dungeon)
Comestibles
 e - 11 rations {!d}
 Q - a chunk of flesh


   Skills:
   Level 0.0 Short Blades
 + Level 4.4 Dodging
 - Level 5.2 Stealth
 * Level 7.0 Spellcasting
 - Level 0.7 Transmutations
 * Level 9.5 Earth Magic
 + Level 2.5 Evocations


You had 9 spell levels left.
You knew the following spells:

 Your Spells              Type           Power        Failure   Level  Hunger
a - Sandblast             Erth           #####.       1%          1    None
b - Stone Arrow           Conj/Erth      ###...       5%          3    ##.....
c - Petrify               Tmut/Erth      ###.....     16%         4    ####...
d - Lee's Rapid Deconstr  Erth           #####.....   7%          5    #####..


Dungeon Overview and Level Annotations

Branches:
Dungeon (8/15)             Temple (1/1) D:5
   Lair: D:8-11

Altars:
Ashenzari
Cheibriados
Dithmenos
Elyvilon
Fedhas
Gozag
Hepliaklqana
Kikubaaqudgha
Makhleb
Nemelex Xobeh
Qazlal
Ru
Sif Muna
Trog
Uskayaw
Vehumet
Wu Jian
Yredelemnul
Zin
The Shining One

Shops:
D:6 :}   D:7 *

Annotations:
D:8 Psyche


Innate Abilities, Weirdness & Mutations

You are resistant to torment.
Your stone body is resilient. (AC +6)
You are immune to poison.
You resist negative energy. (rN+)
You are resistant to electric shocks. (rElec)
You can survive without breathing.
You are immune to petrification.
You are immune to rotting.


Message History

Something hits you. Something burns you.
* * * LOW HITPOINT WARNING * * *
You can't see any susceptible monsters within range! (Use Z to cast anyway.)
You barely miss something. Something hits you but does no damage.
You hear some strange, mumbled words.
You barely miss something. Something hits you.
* * * LOW HITPOINT WARNING * * *
A red film seems to cover your vision as you go berserk!
You feel yourself moving faster!
You feel mighty! You block something's attack.
Something hits you but does no damage.
You feel yourself speed up. Something hits you.
* * * LOW HITPOINT WARNING * * *
Something freezes you.
* * * LOW HITPOINT WARNING * * *
You sock something! Something hits you but does no damage.
Something hits you but does no damage. Something hits you.
* * * LOW HITPOINT WARNING * * *
Something freezes you.
* * * LOW HITPOINT WARNING * * *
You closely miss something. Something hits you.
* * * LOW HITPOINT WARNING * * *
Something burns you.
* * * LOW HITPOINT WARNING * * *
Something hits you but does no damage.
You hear some strange, mumbled words.
A magic dart appears from out of thin air!
The magic dart hits you!
* * * LOW HITPOINT WARNING * * *
You sock something!
Nothing appears to happen.
You feel yourself speed up. Something hits you.
* * * LOW HITPOINT WARNING * * *
You miss something.
You hear some strange, mumbled words.
A magic dart appears from out of thin air!
The magic dart hits you!
* * * LOW HITPOINT WARNING * * *
You are too berserk!
You closely miss something.
You hear some strange, mumbled words.
A magic dart appears from out of thin air!
The magic dart hits you!
You die...

##.##
#.#
#.#
#.#
#.#
#.#
#.#
#.#
#@#
#{#
#.#
#..
###


There were no monsters in sight!

Vanquished Creatures
  Grinder (D:6)
  Eustachio (D:6)
  Menkaure (D:7)
  Edmund (D:6)
  A water moccasin (D:7)
  An ice beast (D:5)
  A black bear (D:6)
  4 ogres
  A necrophage (D:7)
  Blork the orc (D:5)
  A bullfrog (D:6)
  A wyvern zombie (D:6)
  A scorpion (D:5)
  2 vampire bats (D:5)
  A howler monkey (D:6)
  2 crimson imps
  A bullfrog zombie (D:7)
  5 hounds
  2 jellies (D:7)
  2 orc wizards
  A bullfrog skeleton (D:7)
  A centaur skeleton (D:8)
  4 orc priests (D:4)
  Crazy Yiuf (D:6)
  2 iguanas
  4 worker ants
  A hound zombie (D:5)
  A howler monkey zombie (D:5)
  7 adders
  A shadow imp (D:6)
  An adder zombie (D:7)
  2 dart slugs
  7 leopard geckos
  18 orcs
  2 ball pythons (D:7)
  4 bat skeletons (D:5)
  2 bat zombies (D:5)
  5 giant cockroaches
  7 hobgoblins
  3 jackals (D:4)
  2 quokkas
  10 bats
  7 frilled lizards
  5 goblins (D:1)
  5 kobolds
  9 rats
143 creatures vanquished.

Notes
Turn   | Place    | Note
-------+----------+-------------------------------------------
     0 | D:1      | n0claF the Gargoyle Earth Elementalist began the quest for the Orb.
     0 | D:1      | Reached XP level 1. HP: 10/10 MP: 3/3
   494 | D:1      | Reached XP level 2. HP: 15/15 MP: 1/5
   724 | D:1      | Reached skill level 4 in Earth Magic
  1412 | D:2      | Reached XP level 3. HP: 19/19 MP: 4/6
  1456 | D:2      | Learned a level 3 spell: Stone Arrow
  2247 | D:3      | Reached XP level 4. HP: 24/24 MP: 5/8
  2672 | D:4      | Noticed an ogre
  2683 | D:4      | Killed an ogre
  2683 | D:4      | Reached skill level 5 in Earth Magic
  2683 | D:4      | Reached XP level 5. HP: 28/28 MP: 0/9
  2889 | D:4      | Reached XP level 6. HP: 30/32 MP: 2/11
  2912 | D:4      | HP: 1/32 [worker ant (3)]
  3246 | D:4      | Got an ancient leather armour
  3537 | D:4      | Learned a level 4 spell: Petrify
  3543 | D:4      | Learned a level 5 spell: Lee's Rapid Deconstruction
  3724 | D:4      | Found a bloodstained altar of Trog.
  3728 | D:4      | Reached skill level 6 in Earth Magic
  3888 | D:4      | Identified the cursed +0 leather armour "Lecosof" {Str+2 Dex+2 Slay+2} (You found it on level 4 of the Dungeon)
  3933 | D:5      | Entered Level 5 of the Dungeon
  4067 | D:5      | Found an ancient bone altar of Kikubaaqudgha.
  4074 | D:5      | Reached XP level 7. HP: 36/36 MP: 13/13
  4212 | D:5      | Found a staircase to the Ecumenical Temple.
  4218 | Temple   | Entered the Ecumenical Temple
  4270 | Temple   | Became a worshipper of Vehumet
  4512 | D:5      | Found a stormy altar of Qazlal.
  4683 | D:5      | Reached skill level 7 in Earth Magic
  4685 | D:5      | Noticed Blork the orc
  4706 | D:5      | Killed Blork the orc
  4706 | D:5      | Reached skill level 5 in Spellcasting
  4706 | D:5      | Reached XP level 8. HP: 37/41 MP: 1/15
  5126 | D:6      | Noticed Eustachio
  5138 | D:6      | Killed Eustachio
  5138 | D:6      | Reached skill level 5 in Stealth
  5145 | D:6      | Found a glowing golden altar of the Shining One.
  5157 | D:6      | Found Ymey's Book Shoppe.
  5179 | D:6      | Noticed a hand axe
  5181 | D:6      | Noticed a dagger
  5182 | D:6      | Found a hide-covered altar of Uskayaw.
  5252 | D:6      | Found Jiakhlaa's Gadget Emporium.
  5422 | D:6      | Bought a crystal ball of energy for 200 gold pieces
  5436 | D:6      | Reached * piety under Vehumet
  5436 | D:6      | Offered knowledge of Shock by Vehumet.
  5436 | D:6      | Reached skill level 8 in Earth Magic
  5512 | D:6      | Found a runed door.
  5625 | D:6      | Noticed Edmund
  5639 | D:6      | Killed Edmund
  5639 | D:6      | Reached skill level 1 in Evocations
  5654 | D:6      | Reached XP level 9. HP: 39/45 MP: 18/18
  5677 | D:6      | Noticed Grinder
  5689 | D:6      | Killed Grinder
  5996 | D:6      | Noticed Crazy Yiuf
  6004 | D:6      | Paralysed by Crazy Yiuf for 7 turns
  6017 | D:6      | Killed Crazy Yiuf
  6130 | D:7      | Reached skill level 9 in Earth Magic
  6151 | D:7      | Found a sparkling altar of Nemelex Xobeh.
  6320 | D:7      | Noticed Menkaure
  6332 | D:7      | Killed Menkaure
  6742 | D:7      | Found Gozag's Platinum Reserve.
  6742 | D:7      | Found an opulent altar of Gozag.
  6957 | D:8      | Noticed Psyche
  6975 | D:8      | Killed from afar by Psyche

Skill      XL: |  1  2  3  4  5  6  7  8  9 |
---------------+----------------------------+-----
Earth Magic    | 4 5 6 7 8 9 |  9.5
Dodging        | 2 3 4 |  4.4
Stealth        | 3 4 5 |  5.2
Spellcasting   | 3 4 5 6 7 |  7.0
Evocations     | 1 2 |  2.5
Transmutations | |  0.7

Action                   |  1- 3 |  4- 6 |  7- 9 || total
-------------------------+-------+-------+-------++-------
Melee: Unarmed           |    87 |       |       ||    87
       Mace              |    31 |    23 |       ||    54
       Short sword       |       |    18 |    27 ||    45
       Falchion          |       |       |    60 ||    60
       Quarterstaff      |       |       |    33 ||    33
 Cast: Sandblast         |    45 |    50 |    67 ||   162
       Stone Arrow       |       |     8 |       ||     8
       Petrify           |       |       |    10 ||    10
       Lee's Rapid Decon |       |       |     2 ||     2
  Use: Scroll            |       |     6 |     1 ||     7
 Stab: Sleeping          |     4 |     1 |       ||     5
       Petrified         |       |       |    38 ||    38
       Petrifying        |       |       |     4 ||     4
  Eat: Chunk             |     5 |     5 |    10 ||    20
       Ration            |       |       |     1 ||     1
Armor: Robe              |    68 |    11 |       ||    79
       Leather armour    |       |    29 |    40 ||    69
Dodge: Dodged            |   120 |    48 |    55 ||   223
Block: Other             |       |    13 |    14 ||    27
       Rpst.: Falchion   |       |       |     5 ||     5
